 Dungeon Sprint DCSS version 0.27.1-33-g824d729ab1 (webtiles) character file.

Game seed: 4258537388703254592

2836 Hipnos the Eclecticist (level 9, -5/48 HPs)
             Began as a Deep Elf Ice Elementalist on Nov 27, 2021.
             Was a Believer of Vehumet.
             Slain by a demonic crawler (10 damage)
             ... in the Dungeon (Sprint I: "Red Sonja").
             The game lasted 00:06:36 (1379 turns).

Hipnos the Eclecticist (Deep Elf Ice Elementalist)  Turns: 1379, Time: 00:06:37

Health: -5/48      AC: 14    Str:  5    XL:     9   Next: 45%
Magic:  21/31      EV: 15    Int: 24    God:    Vehumet [**....]
Gold:   336        SH:  0    Dex: 15    Spells: 22/41 levels left

rFire    . . .     SeeInvis .     - Unarmed
rCold    . . .     Faith    .   (no shield)
rNeg     . . .     Spirit   .   i - +1 robe "Sappyst" {rElec}
rPois    .         Reflect  .   (no helmet)
rElec    +         Harm     .   (no cloak)
rCorr    .         Rampage  .   (no gloves)
Will     .....     NoTele   +   (no boots)
Stlth    ++........             (no amulet)
HPRegen  0.16/turn              (no ring)
MPRegen  0.22/turn              (no ring)

@: ice-armoured, freezing walls
A: no striking features
a: Renounce Religion


You were in the Dungeon.
You worshipped Vehumet.
Vehumet was pleased with you.
You visited 1 branch You collected 869 gold pieces.
You spent 533 gold pieces at shops.

Inventory:

Armour
 a - a +0 robe
 i - the +1 robe "Sappyst" (worn) {rElec}
   (You bought it in a shop in the Dungeon)

   rElec:     It insulates you from electricity.
Scrolls
 j - a scroll of vulnerability {unknown}
Potions
 d - a potion of flight {unknown}
 e - 2 potions of magic
 f - a potion of berserk rage
 h - a potion of lignification {unknown}


   Skills:
 + Level 1.7 Fighting
 + Level 7.3 Dodging
 - Level 2.4 Stealth
 + Level 1.0 Unarmed Combat
 + Level 16.8 Spellcasting
 + Level 3.6 Conjurations
 * Level 2.9 Summonings
 + Level 16.3 Ice Magic


You had 22 spell levels left.
You knew the following spells:

 Your Spells              Type           Power      Damage    Failure   Level
a - Freeze                Ice            100%       1d11      0%          1
b - Frozen Ramparts       Ice            100%       1d12      0%          3
c - Ozocubu's Armour      Ice            78%        N/A       0%          3
d - Hailstorm             Conj/Ice       61%        3d13      1%          4
e - Shock                 Conj/Air       100%       1d9       1%          1
f - Summon Hydra          Summ           17%        N/A       100%        7

Your spell library contained the following spells:

 Spells                   Type           Power      Damage    Failure   Level
 Searing Ray              Conj           74%        3d6       1%          2
 Sublimation of Blood     Necr           10%        N/A       4%          2
 Wereblood                Tmut           20%        N/A       4%          2


Dungeon Overview and Level Annotations

Branches:
Dungeon (1/1)

Altars:
Cheibriados
Dithmenos
Elyvilon
Fedhas
Gozag
Hepliaklqana
Kikubaaqudgha
Makhleb
Nemelex Xobeh
Okawaru
Qazlal
Ru
Sif Muna
Trog
Uskayaw
Vehumet
Wu Jian
Xom
Yredelemnul
Zin
The Shining One
Jiyva
Lugonu

Shops:
D **[


Message History

The demonic crawler resists.
The wall freezes the demonic crawler.
You feel better.
The demonic crawler resists.
The wall freezes the demonic crawler.
The demonic crawler barely misses you. The demonic crawler hits you.
The demonic crawler misses you.
The demonic crawler completely resists.
The wall freezes the demonic crawler but does no damage.
The demonic crawler completely misses you.
The demonic crawler hits you but does no damage.
The demonic crawler closely misses you.
The demonic crawler resists.
The wall freezes the demonic crawler.
The demonic crawler barely misses you. The demonic crawler misses you.
The demonic crawler barely misses you.
You feel better.
The demonic crawler resists.
The wall freezes the demonic crawler.
The demonic crawler closely misses you. The demonic crawler hits you.
The demonic crawler hits you but does no damage.
The wall freezes the demonic crawler but does no damage.
The demonic crawler hits you. The demonic crawler misses you.
The demonic crawler closely misses you.
Casting: Freeze (safe; 0% risk of failure)
Confirm with . or Enter, or press ? or * to list all spells.
Aiming: Freeze (safe; 0% risk of failure)
Press: ? - help, Shift-Dir - straight line, f/p - demonic crawler
Aim: a demonic crawler (severely wounded)
You freeze the demonic crawler.
The demonic crawler resists.
The demonic crawler is severely wounded.
The demonic crawler resists.
The wall freezes the demonic crawler.
The demonic crawler hits you.
* * * LOW HITPOINT WARNING * * *
The demonic crawler hits you but does no damage.
The demonic crawler closely misses you.
The demonic crawler resists.
The wall freezes the demonic crawler.
The demonic crawler hits you but does no damage.
The demonic crawler closely misses you. The demonic crawler hits you.
* * * LOW HITPOINT WARNING * * *
The demonic crawler resists.
The wall freezes the demonic crawler.
The demonic crawler completely misses you.
The demonic crawler hits you.
* * * LOW HITPOINT WARNING * * *
The demonic crawler hits you!
You die...

######################
..').#..'..#__#.@s)..#
).#..').#..'..'.s#)..##+#
####'#####'#__####...'..#
###..#...#.#### #####..+
__####..##.# ##
_____##'#_.+ _.∩...'..._#
_..__##_.#'##+###
_____###'#.#.).)###


You could see 2 demonic crawlers.

Vanquished Creatures
  Sonja (D)
  A deep troll (D)
  2 kobold demonologists (D)
  2 demonic crawlers (D)
  A slime creature (D)
  Sigmund (D)
  A yak (D)
  A floating eye (D)
  An ogre (D)
  A jelly (D)
  Ijyb (D)
  2 ballistomycete spores (D)
15 creatures vanquished.

Notes
Turn   | Place    | Note
-------+----------+-------------------------------------------
     0 | D        | Hipnos the Deep Elf Ice Elementalist began the quest for
                  | the Orb.
     0 | D        | Reached XP level 1. HP: 10/10 MP: 6/6
     1 | D        | Noticed Ijyb
     7 | D        | Killed Ijyb
     8 | D        | Reached XP level 2. HP: 15/15 MP: 2/9
   170 | D        | Noticed an ogre
   175 | D        | Killed an ogre
   176 | D        | Reached skill level 5 in Spellcasting
   176 | D        | Reached XP level 3. HP: 19/19 MP: 6/12
   176 | D        | Reached XP level 4. HP: 24/24 MP: 6/13
   182 | D        | Learned a level 3 spell: Frozen Ramparts
   186 | D        | Learned a level 3 spell: Ozocubu's Armour
   191 | D        | Learned a level 4 spell: Hailstorm
   240 | D        | Noticed Sigmund
   249 | D        | Killed Sigmund
   250 | D        | Reached skill level 1 in Conjurations
   250 | D        | Reached XP level 5. HP: 14/28 MP: 4/17
   415 | D        | Found an ornate altar of the Wu Jian Council.
   415 | D        | Found a shimmering blue altar of Sif Muna.
   417 | D        | Found a radiant altar of Vehumet.
   422 | D        | Became a worshipper of Vehumet
   426 | D        | Reached XP level 6. HP: 18/33 MP: 12/19
   556 | D        | Found Keabucw's General Store.
   556 | D        | Found an ancient bone altar of Kikubaaqudgha.
   556 | D        | Found a hazy altar of Hepliaklqana.
   556 | D        | Found a stormy altar of Qazlal.
   556 | D        | Found a hide-covered altar of Uskayaw.
   556 | D        | Found a blossoming altar of Fedhas.
   556 | D        | Found a bloodstained altar of Trog.
   556 | D        | Found an iron altar of Okawaru.
   556 | D        | Found a basalt altar of Yredelemnul.
   556 | D        | Found a glowing golden altar of the Shining One.
   556 | D        | Found a snail-covered altar of Cheibriados.
   556 | D        | Found a sacrificial altar of Ru.
   556 | D        | Found a glowing silver altar of Zin.
   556 | D        | Found a shadowy altar of Dithmenos.
   556 | D        | Found a white marble altar of Elyvilon.
   556 | D        | Noticed a yak
   560 | D        | Killed a yak
   561 | D        | Reached skill level 1 in Fighting
   561 | D        | Reached skill level 5 in Dodging
   561 | D        | Found an opulent altar of Gozag.
   562 | D        | Found a sparkling altar of Nemelex Xobeh.
   615 | D        | Found a burning altar of Makhleb.
   615 | D        | Found a viscous altar of Jiyva.
   615 | D        | Found a shimmering altar of Xom.
   615 | D        | Found a corrupted altar of Lugonu.
   615 | D        | Noticed a slime creature
   620 | D        | Killed a slime creature
   620 | D        | Reached * piety under Vehumet
   620 | D        | Offered knowledge of Sandblast by Vehumet.
   621 | D        | Reached XP level 7. HP: 28/38 MP: 8/23
   734 | D        | Noticed a kobold demonologist
   736 | D        | Paralysed by a floating eye for 3 turns
   737 | D        | Noticed a kobold demonologist
   740 | D        | Killed a kobold demonologist
   740 | D        | Killed a kobold demonologist
   740 | D        | Reached ** piety under Vehumet
   741 | D        | Reached XP level 8. HP: 43/43 MP: 12/27
   832 | D        | Noticed Sonja
   834 | D        | Killed Sonja
   834 | D        | Offered knowledge of Shock by Vehumet.
   835 | D        | Reached skill level 1 in Unarmed Combat
   835 | D        | Reached skill level 15 in Spellcasting
   835 | D        | Reached skill level 15 in Ice Magic
  1013 | D        | Noticed a deep troll
  1017 | D        | Killed a deep troll
  1018 | D        | Reached XP level 9. HP: 47/47 MP: 15/31
  1028 | D        | Found Cynungat's Armour Emporium.
  1047 | D        | Found Voured's Assorted Antiques.
  1076 | D        | Bought the +1 robe "Sappyst" {rElec} for 197 gold pieces
  1117 | D        | Bought a book of Blood for 336 gold pieces
  1121 | D        | Learned a level 1 spell: Shock
  1129 | D        | Learned a level 7 spell: Summon Hydra
  1157 | D        | Noticed a demonic crawler
  1157 | D        | Noticed a demonic crawler
  1157 | D        | Noticed a demonic crawler
  1157 | D        | Noticed a demonic crawler
  1164 | D        | Killed a demonic crawler
  1164 | D        | Offered knowledge of Searing Ray by Vehumet.
  1164 | D        | Killed a demonic crawler
  1164 | D        | Reached *** piety under Vehumet
  1379 | D        | Slain by a demonic crawler

Illustrated notes

Levels and vault maps discovered:
D:        dungeon_sprint_1 [red_sonja_temple_1, red_sonja_temple_small_1]

Skill      XL: |  1  2  3  4  5  6  7  8  9 |
---------------+----------------------------+-----
Dodging        | 3 4 5 6 7 |  7.3
Spellcasting   | 4 5 8 11 13 16 | 16.8
Ice Magic      | 7 9 11 12 13 14 16 | 16.3
Conjurations   | 1 2 3 |  3.6
Fighting       | 1 |  1.7
Unarmed Combat | 1 |  1.0
Summonings     | 2 |  2.9
Stealth        | |  2.4

Action                   |  1- 3 |  4- 6 |  7- 9 || total
-------------------------+-------+-------+-------++-------
Melee: Unarmed           |     1 |     1 |       ||     2
 Cast: Freeze            |     8 |     6 |    10 ||    24
       Ozocubu's Armour  |       |     4 |     6 ||    10
       Frozen Ramparts   |       |     4 |     5 ||     9
       Hailstorm         |       |       |    10 ||    10
  Use: Potion            |     1 |       |     4 ||     5
       Scroll            |       |       |     1 ||     1
Armor: Robe              |       |     5 |    23 ||    28
Dodge: Dodged            |     4 |     2 |    49 ||    55
